AoeStats
← AloneArcher

Arabia

510816066Analyzed
2v2 RM · 10h ago on Oct 2, 2026· 45m 45s· 4 players
Game mode
Random Map
Map size
Medium (4 player)
Population
200
Speed
Normal
Resources
Standard
Victory
Conquest
Starting age
Dark Age
Ending age
Imperial Age
RankedLock teamsTeams togetherTeam positionsShared explorationLock speedFull tech treeHidden civsTurbo modeCheats
Victory
Defeat
🇧🇩 Britons · Bangladesh
820
+16
🇧🇩 Slavs · Bangladesh
820
+16
🇹🇷 Persians · Türkiye
862
-17
🇹🇷 Turks · Türkiye
792
-15
MGtheEvil
5:22 Loom
9:37 Feudal Age
11:14 Double-Bit Axe
12:46 Gold Mining
12:39 Horse Collar
15:57 Wheelbarrow
17:11 Stone Mining
19:31 Fletching
21:42 Padded Archer Armor
23:57 Castle Age
24:16 Crossbowman
25:01 Bodkin Arrow
26:26 Leather Archer Armor
31:51 Ballistics
31:12 Treadmill Crane
31:42 Masonry
33:09 Town Watch
34:16 Heavy Plow
34:27 Bow Saw
39:01 Hand Cart
41:26 Imperial Age
43:16 Conscription
42:52 Elite Longbowman
45:01 Yeomen
46:00 Warwolf
46:39 Hoardings
Nayem
3:47 Loom
11:18 Feudal Age
12:41 Wheelbarrow
12:27 Man-at-Arms
14:20 Double-Bit Axe
16:00 Forging
16:03 Horse Collar
25:53 Castle Age
26:32 Long Swordsman
27:13 Squires
29:24 Hand Cart
31:14 Gold Mining
31:18 Stone Mining
31:41 Bow Saw
32:11 Heavy Plow
33:50 Iron Casting
36:20 Pikeman
41:19 Imperial Age
39:57 Detinets
42:29 Two-Handed Swordsman
43:41 Conscription
43:26 Druzhina
44:19 Capped Ram
44:29 Champion
45:57 Caravan
46:28 Coinage
AloneArcher
10:56 Feudal Age
11:50 Horse Collar
12:00 Double-Bit Axe
15:33 Man-at-Arms
23:42 Castle Age
22:20 Bloodlines
22:49 Gold Mining
22:50 Stone Mining
26:00 Husbandry
26:58 Bow Saw
30:30 Padded Archer Armor
34:23 Heavy Plow
47:04 Imperial Age
Hormozan
0:27 Loom
12:15 Feudal Age
15:43 Double-Bit Axe
18:46 Bloodlines
25:02 Horse Collar
25:18 Gold Mining
29:17 Castle Age
29:19 Padded Archer Armor
30:15 Pikeman
35:41 Forging
35:32 Scale Mail Armor
35:35 Squires
35:36 Town Watch
38:11 Kamandaran
38:31 Leather Archer Armor
42:46 Imperial Age
41:20 Wheelbarrow
40:15 Crossbowman
42:51 Stone Mining
44:32 Ring Archer Armor
44:37 Iron Casting
44:12 Heavy Plow
Connection lost

Rejoining the realm…

Still unreachable

The connection could not be restored.

Session expired

The server has moved on; the page needs a fresh start.